 Dungeon Crawl Stone Soup version 0.19-a0-687-g35db334 (webtiles) character file.

108 LORDOFBUTT the Ducker (level 4, 0/52 HPs)
             Began as a Demonspawn Monk on June 19, 2016.
             Succumbed to moose's ghost's poison
             ... on level 3 of the Dungeon.
             The game lasted 00:04:11 (2524 turns).

LORDOFBUTT the Ducker (Demonspawn Monk)             Turns: 2524, Time: 00:04:12

Health: 0/52       AC: 10    Str: 17    XL:     4   Next: 58%
Magic:  4/4        EV: 14    Int: 11    God:
Gold:   184        SH:  0    Dex: 16    Spells: 0 memorised, 3 levels left

rFire  . . .     SeeInvis .     m - +0 whip
rCold  . . .     Gourm    .     b - +0 robe
rNeg   . . .     Faith    .     (no shield)
rPois  .         Spirit   .     (no helmet)
rElec  .         Dismiss  .     f - +1 cloak
rCorr  .         Reflect  .     (no gloves)
SustAt .         Harm     .     (no boots)
MR     .....                    (no amulet)
Stlth  ..........               (no ring)
                                (no ring)

@: berserking, lethally poisoned (0 -> -19), sanguine armour, very slightly
contaminated, invisible, very quick, not resistant to hostile enchantments,
extremely unstealthy
A: sanguine armour 1
a: no special abilities


You were on level 3 of the Dungeon.
You were not hungry.

You visited 1 branch of the dungeon, and saw 4 of its levels.

You collected 184 gold pieces.

Inventory:

Hand Weapons
 a - a +0 mace
 m - a +0 whip (weapon)
Armour
 b - a +0 robe (worn)
 f - a +1 cloak (worn)
Jewellery
 n - an uncursed amulet of faith
 q - an uncursed ring of ice
 r - a cursed ring of loudness {unknown}
 t - an uncursed amulet of magic regeneration {unknown}
Scrolls
 d - a scroll of teleportation {unknown}
 e - 2 scrolls of immolation {unknown}
 h - a scroll of blinking {unknown}
 k - 3 scrolls of identify {unknown}
 l - a scroll of noise {unknown}
 o - 2 scrolls of remove curse {unknown}
 p - 2 scrolls of amnesia {unknown}
 s - a scroll of fear {unknown}
Potions
 j - a potion of heal wounds {unknown}
Comestibles
 c - a bread ration


   Skills:
 + Level 3.4 Fighting
 + Level 3.3 Maces & Flails
 + Level 4.1 Dodging
 + Level 1.7 Stealth


You had 3 spell levels left.
You didn't know any spells.

Dungeon Overview and Level Annotations

Branches:
Dungeon (4/15)
 Temple: D:4-7

Altars:
Ashenzari
Elyvilon
Zin

Annotations:
D:4 moose's ghost, amateur DsAM


Innate Abilities, Weirdness & Mutations

When seriously injured, your bleeding wounds create armour. (AC +6)


Message History

You feel very sick.
There is a stone staircase leading down here.
It was a potion of invisibility.
You fade into invisibility!
* * * LOW HITPOINT WARNING * * *
You feel sick.
You are very lightly contaminated with residual magic.
It was a potion of berserk rage.
A red film seems to cover your vision as you go berserk!
You feel yourself moving faster!
You feel mighty!
* * * LOW HITPOINT WARNING * * *
You feel sick.
Unknown command.
You are too berserk!
You are too berserk!
You feel a strong urge to attack something.
* * * LOW HITPOINT WARNING * * *
You feel sick.
Unknown command.
You die...

#..............####.....(...#
#.####.###.###......((..[...#
####.# #.# #.#
######.........# .....# #.#
#.# #.......#.# ###### #.#
#.# ###..#..(##.# ###.#
#.######........##.# #...#
#.).............##.## #.###
########.#..###......
#.######..@.......#####.... #
#.##.......>.#.##.......... #
#.##.###.###.#.#..........# #
#.##.# #.# #.#.##.######.## #
#.##.###.# #.#.#### #.# #
##.#...##.# #.#.# #.# #
#....#.##.# #.#.##### #.## #
##.†#.).##.# #.......# #... #
#...######.########..# ####


There were no monsters in sight!

Vanquished Creatures
  3 adders
  A worm (D:2)
  A dart slug (D:1)
  A giant gecko (D:3)
  2 orcs (D:3)
  A giant cockroach (D:3)
  9 goblins
  11 hobgoblins
  6 jackals (D:1)
  11 bats
  4 giant newts
  14 kobolds
  5 rats
69 creatures vanquished.

Notes
Turn   | Place    | Note
--------------------------------------------------------------
     0 | D:1      | LORDOFBUTT the Demonspawn Monk began the quest for the Orb.
     0 | D:1      | Reached XP level 1. HP: 18/18 MP: 1/1
    64 | D:1      | Gained mutation: When seriously injured, your bleeding wounds create armour. (AC +6) [demonic ancestry]
    64 | D:1      | Reached XP level 2. HP: 17/24 MP: 2/2
   287 | D:1      | Reached skill level 3 in Dodging
   515 | D:1      | You fall through a shaft!
   548 | D:2      | Reached XP level 3. HP: 16/29 MP: 3/3
  1504 | D:1      | Reached XP level 4. HP: 14/35 MP: 4/4
  1833 | D:3      | Found a faded altar of an unknown god.
  1927 | D:3      | Found a glowing silver altar of Zin.
  1928 | D:3      | Found a shattered altar of Ashenzari.
  1933 | D:3      | Found a white marble altar of Elyvilon.
  1960 | D:3      | Reached skill level 4 in Dodging
  2350 | D:4      | Noticed moose's ghost (amateur DsAM)
  2522 | D:3      | HP: 2/52 [poisoned by moose's ghost]
  2524 | D:3      | Succumbed to moose's ghost's poison

Vault maps used:
D:1:      roderic_chinese_lattice_arrival, minmay_gold_behind_fungi
D:3:      minitemple, ecumenical_altar_2
D:4:      serial_shops, shop, portal_sewer_entry_d, uniq_robin, uniq_edmund,
          uniq_natasha

Skill      XL: |  1  2  3  4 |
---------------+-------------+-----
Dodging        | 3 4 |  4.1
Maces & Flails | 3 |  3.3
Fighting       | |  3.4
Stealth        | |  1.7

Action                   |  1- 3 |  4- 6 || total
-------------------------+-------+-------++-------
Melee: Mace              |   163 |    88 ||   251
       Whip              |       |     3 ||     3
  Use: Potion            |       |     2 ||     2
 Stab: Sleeping          |     2 |     2 ||     4
       Distracted        |       |     1 ||     1
  Eat: Meat ration       |     1 |       ||     1
       Beef jerky        |       |     2 ||     2
Armor: Robe              |    67 |    26 ||    93
Dodge: Dodged            |   145 |    81 ||   226
